Construct Infanterie Kompanie
Selects Mechanized Battlegroup
Construct Luftwaffe Kompanie
Selects Mobile Repair Stations
Selects Mobile Repair Stations
Selects Wespe Self-propelled Artillery
Wespe Self-propelled Artillery
Marder III M Tank Destroyer
Wespe Self-propelled Artillery
Selects Zeroing Artillery Barrage
Zeroing Artillery Barrage
Construct Panzer Kompanie
Selects 8 Rad Armored Car
Selects UNKNOWN (2160084)
Wespe Self-propelled Artillery